 Dungeon Crawl Stone Soup version 0.32-a0-391-gce5c0aab1b (webtiles) character file.

Game seed: 9199260256990726800

202530 cforsyth the Warrior (level 19, -1/152 HPs)
             Began as a Djinni Fire Elementalist on Feb 19, 2024.
             Slain by an alligator snapping turtle (29 damage)
             ... on level 4 of the Shoals.
             The game lasted 01:51:44 (48065 turns).

cforsyth the Warrior (Djinni Fire Elementalist)    Turns: 48065, Time: 01:51:45

Health: -1/152     AC: 24    Str: 16    XL:     19   Next: 29%
Gold:   1153       EV: 17    Int: 25    God:
                   SH:  7    Dex: 16

rFire   + + +        a - +11 flail of Unreason {pain, rF+ rCorr Dex-3}
rCold   . . .        P - +0 buckler {AC+3}
rNeg    . . .        Q - +5 ring mail of Lesser Demons {Will+++ Regen+ rCorr Stlth-}
rPois   ∞            B - +1 helmet {SInv}
rElec   +            J - +2 cloak
rCorr   +            s - +1 pair of gloves {Str+3}
SInv    +            (boots unavailable)
Will    ++++.        U - amulet of regeneration Stlth
                     y - ring "Waysexik" {^Drain rElec rPois AC+4 Dex+5}
HPRegen 2.05/turn    D - ring of Juurat {rPois rC+ Str+6}
MPRegen 0.00/turn

%: infuse magic (-2 HP)
@: flying
A: sickness immunity, fire resistance 2, cold vulnerability 1, float, innate
caster, HP casting, extra vitality 1
}: 1/15 runes: gossamer
a: no special abilities


You were on level 4 of the Shoals.
You visited 5 branches of the dungeon, and saw 30 of its levels.
You also visited: Gauntlet.

You collected 2370 gold pieces.
You spent 1217 gold pieces at shops.


Innate Abilities, Weirdness & Mutations

You are immune to sickness and miasma.
You are immune to poison.
Your flesh is very heat resistant. (rF++)
You are vulnerable to cold. (rC-)
You float through the air rather than walking.
You learn spells naturally, not from books.
Your magical power is your life essence.
You have superior vitality. (+4 MHP)


   Skills:
 - Level 18.6 Fighting
 + Level 14.1 Dodging
 - Level 1.5 Stealth
 - Level 12.0 Shields
 + Level 17.3 Spellcasting
 + Level 17.3 Conjurations
 + Level 17.3 Hexes
 + Level 17.3 Summonings
 + Level 17.3 Necromancy
 + Level 17.3 Translocations
 + Level 17.3 Fire Magic
 + Level 17.3 Ice Magic
 + Level 17.3 Air Magic
 + Level 17.3 Earth Magic
 + Level 17.3 Alchemy


You knew the following spells:

 Your Spells              Type           Power      Damage    Failure   Level
a - Martyr's Knell        Necr/Summ      83%        N/A       1%          4
b - Dispersal             Tloc           41%        N/A       1%          6
c - Eringya's Noxious Bo  Alch           41%        4d6       1%          6
d - Orb of Destruction    Conj           41%        9d11      3%          7
e - Ensorcelled Hibernat  Hex/Ice        100%       N/A       0%          2
f - Foxfire               Conj/Fire      100%       2x1d9     0%          1
i - Swiftness             Air            83%        N/A       0%          3
l - Lee's Rapid Deconstr  Erth           41%        3d20*     1%          5
r - Inner Flame           Hex/Fire       83%        N/A       0%          3
t - Summon Forest         Summ/Tloc      41%        N/A       1%          5
z - Sting                 Conj/Alch      100%       1d9       0%          1
X - Scorch                Fire           100%       2d9       0%          2
Y - Volatile Blastmotes   Fire/Tloc      100%       2d18      0%          3
Z - Flame Wave            Conj/Fire      83%        2d18      1%          4
Your spell library was empty.

Inventory:

Hand Weapons
 a - the +11 flail of Unreason (weapon) {pain, rF+ rCorr Dex-3}
   (You found it on level 5 of the Lair of Beasts)

   Dex-3:     It affects your dexterity (-3).
   rF+:       It protects you from fire.
   rCorr:     It protects you from acid and corrosion.
 O - the +9 sword of Zonguldrok {reap}
   (You took it off a minotaur in a Gauntlet)
Missiles
 t - 3 throwing nets {=f}
Armour
 s - a +1 pair of gloves of strength (worn)
 B - a +1 helmet of see invisible (worn)
 J - a +2 cloak (worn)
 P - a +0 buckler of protection (worn)
 Q - the +5 ring mail of Lesser Demons (worn) {Will+++ Regen+ rCorr Stlth-}
   (You found it on level 14 of the Dungeon)

   Will+++:   It greatly increases your willpower.
   Regen+:    It increases your rate of health regeneration.
   rCorr:     It protects you from acid and corrosion.
   Stlth-:    It makes you less stealthy.
Magical Staves
 u - a staff of death {!a}
 C - a staff of air {!a}
Jewellery
 n - a ring of positive energy
 v - a ring of see invisible
 y - the ring "Waysexik" (left hand) {^Drain rElec rPois AC+4 Dex+5}
   (You acquired it on level 3 of the Lair of Beasts)

   [ring of protection]

   AC+4:      It affects your AC (+4).
   Dex+5:     It affects your dexterity (+5).
   rElec:     It insulates you from electricity.
   rPois:     It protects you from poison ^Drain: It drains your maximum health
   when unequipped.
 D - the ring of Juurat (right hand) {rPois rC+ Str+6}
   (You found it on level 8 of the Dungeon)

   [ring of strength]

   Str+6:     It affects your strength (+6).
   rC+:       It protects you from cold.
   rPois:     It protects you from poison
 F - a ring of protection from fire
 N - a ring of positive energy
 R - a ring of resist corrosion
 S - an amulet of reflection
 T - a +4 ring of protection
 U - an amulet of regeneration (around neck)
Wands
 h - a wand of paralysis (28)
 q - a wand of digging (5)
 M - a wand of mindburst (6)
 V - a wand of iceblast (13)
 W - a wand of quicksilver (6)
 X - a wand of flame (23)
Scrolls
 c - 3 scrolls of summoning
 e - 10 scrolls of teleportation {@r2}
 f - 2 scrolls of blinking
 g - 10 scrolls of poison
 i - 3 scrolls of fog
 l - 3 scrolls of revelation
 m - a scroll of immolation
 p - a scroll of silence {!r}
 x - 3 scrolls of enchant armour
 A - a scroll of torment
 H - 2 scrolls of vulnerability
 I - a scroll of amnesia {unknown}
 Z - a scroll of identify {@r1}
Potions
 b - 5 potions of mutation
 d - 8 potions of attraction
 j - 11 potions of curing {@q1}
 k - 4 potions of enlightenment
 o - 6 potions of heal wounds {@q2}
 r - 2 potions of haste {@q3}
 w - 2 potions of resistance
 z - 4 potions of lignification
 E - 4 potions of ambrosia
 G - 5 potions of might
 K - 3 potions of berserk rage {!q}
 L - 2 potions of invisibility
 Y - 3 potions of brilliance

Dungeon Overview and Level Annotations

Branches:
Dungeon (15/15)            Temple (0/1) D:7            Lair (5/5) D:11
 Shoals (4/4) Lair:3       Spider (4/4) Lair:2        Slime (0/5) Lair:4
    Orc (2/2) D:12            Elf (0/3) Orc:2        Vaults (0/5) D:13
 Depths (0/4) D:15        Gauntlet (visited)

Altars:
Ashenzari
Cheibriados
Fedhas
Gozag
Hepliaklqana
Nemelex Xobeh
Okawaru
Ru
Uskayaw
Wu Jian
Zin
The Shining One
Beogh

Shops:
D:4 :   D:6 [   D:7 *[   Orc:2 [=[*   Shoals:2 (   Shoals:3 !

Annotations:
D:14 3 runed translucent doors, 2 transporters, Myasimauvo's ghost, journeyman DEHW
Spider:2 1 runed translucent door, Pyemaest's ghost, adept MfGl; Roxanne

...~≈≈~.~~.........### ##...
....≈≈~~~~...........##.....
....~≈≈~~....<..........:...
~~...~~~....####............
^..~~~~.....##▒#≈≈....~....#
..~~~~~........≈≈......~~.#
~~~~~~~~~.....t..##...~~..#
~~~~~~~~~....#(††###......#
~~~≈≈≈≈≈~~....°○@##......~#
~~≈≈≈≈≈~~~~...(††.....(.~~#
≈≈≈≈≈≈≈~~.~~..........~~~~#
≈≈≈≈≈≈~~~~~~........~~~~~#
≈≈≈≈≈≈≈≈≈~~~......~~~≈≈≈~#
≈≈≈≈≈≈≈≈≈~~.......~~≈≈≈~~
≈≈≈≈≈≈≈≈~~..~~~~.~≈≈≈≈≈~
≈≈≈≈≈≈≈~~~~~~~.~~≈≈≈≈~
≈≈≈≈≈~≈≈≈~~.~~≈≈≈≈


You could see an alligator snapping turtle (inner flame).


Message History

Flame seeps out of the alligator snapping turtle.
The alligator snapping turtle bites you from afar!!
* * * LOW HITPOINT WARNING * * *
Casting: Lee's Rapid Deconstruction (safe; 1% risk of failure)
Confirm with . or Enter, or press ? or * to list all spells.
Aiming: Lee's Rapid Deconstruction (safe; 1% risk of failure)
Press: ? - help, Dir - move target A rock wall.
The wall shatters!
The blast of rock fragments hits the alligator snapping turtle but does no damage.
The alligator snapping turtle is severely wounded.
* * * LOW HITPOINT WARNING * * *
The alligator snapping turtle is engulfed in blazing flames.
Flame seeps out of the alligator snapping turtle.
The alligator snapping turtle bites you from afar!
* * * LOW HITPOINT WARNING * * *
Casting: Lee's Rapid Deconstruction (safe; 1% risk of failure)
Confirm with . or Enter, or press ? or * to list all spells.
Aiming: Lee's Rapid Deconstruction (safe; 1% risk of failure)
Press: ? - help, Dir - move target A rock wall.
The wall shatters!
The blast of rock fragments hits the alligator snapping turtle but does no damage.
The alligator snapping turtle is severely wounded.
* * * LOW HITPOINT WARNING * * *
The alligator snapping turtle bites you but does no damage.
The alligator snapping turtle is engulfed in blazing flames.
Flame seeps out of the alligator snapping turtle.
The alligator snapping turtle bites you from afar!!
You die...

Skill      XL: |  1  2  3  4  5  6  7  8  9 10 11 12 13 14 15 16 17 18 19 |
---------------+----------------------------------------------------------+-----
Fighting       | 1 2 3 4 5 7 9 11 13 14 16 17 18 | 18.6
Spellcasting   | 4 5 6 7 9 10 11 12 14 15 16 17 | 17.3
Conjurations   | 4 5 6 7 9 10 11 12 14 15 16 17 | 17.3
Hexes          | 4 5 6 7 9 10 11 12 14 15 16 17 | 17.3
Summonings     | 4 5 6 7 9 10 11 12 14 15 16 17 | 17.3
Necromancy     | 4 5 6 7 9 10 11 12 14 15 16 17 | 17.3
Translocations | 4 5 6 7 9 10 11 12 14 15 16 17 | 17.3
Fire Magic     | 4 5 6 7 9 10 11 12 14 15 16 17 | 17.3
Ice Magic      | 4 5 6 7 9 10 11 12 14 15 16 17 | 17.3
Air Magic      | 4 5 6 7 9 10 11 12 14 15 16 17 | 17.3
Earth Magic    | 4 5 6 7 9 10 11 12 14 15 16 17 | 17.3
Alchemy        | 4 5 6 7 9 10 11 12 14 15 16 17 | 17.3
Shields        | 4 7 10 12 | 12.0
Dodging        | 5 8 11 13 14 | 14.1
Stealth        | |  1.5

Action                     |  1- 3 |  4- 6 |  7- 9 | 10-12 | 13-15 | 16-18 | 19-21 || total
---------------------------+-------+-------+-------+-------+-------+-------+-------++-------
  Melee: Unarmed           |     3 |     1 |       |       |     2 |       |       ||     6
   Cast: Foxfire           |    84 |   220 |   110 |   299 |   402 |   200 |    56 ||  1371
         Scorch            |       |     6 |    19 |    86 |   103 |   118 |     7 ||   339
         Inner Flame       |       |     2 |    28 |   138 |   245 |   278 |    26 ||   717
         Summon Forest     |       |       |       |     5 |    21 |    24 |       ||    50
         Volatile Blastmot |       |       |       |     1 |       |       |       ||     1
         Lee's Rapid Decon |       |       |       |       |   184 |   308 |    33 ||   525
         Flame Wave        |       |       |       |       |    17 |    75 |     8 ||   100
         Ensorcelled Hiber |       |       |       |       |       |     3 |       ||     3
         Dispersal         |       |       |       |       |       |     1 |       ||     1
         Orb of Destructio |       |       |       |       |       |     1 |       ||     1
  Evoke: Wand              |       |       |       |       |       |     4 |       ||     4
    Use: Potion            |       |       |       |     3 |     2 |     5 |       ||    10
         Scroll            |       |       |       |    11 |    13 |     8 |       ||    32
 Armour: Robe              |     3 |     9 |     3 |       |       |       |       ||    15
         Steam dragon scal |       |       |    11 |   102 |   286 |       |       ||   399
         Skin              |       |       |       |     1 |       |       |       ||     1
         Ring mail         |       |       |       |       |    45 |   784 |    85 ||   914
  Dodge: Dodged            |     3 |    13 |    19 |    37 |   116 |   420 |    47 ||   655
  Block: Other             |       |     1 |     3 |     5 |    34 |       |       ||    43
         Reflection        |       |       |       |       |     4 |       |       ||     4
         Buckler           |       |       |       |       |    31 |   203 |    18 ||   252

Levels and vault maps discovered:
D:1:      spicycebolla_arrival_ecumenical, layout_loops_corners
D:2:      layout_basic, st_stairs_1
D:3:      layout_loops_cross, dancing_weapons_uskayaw, dk_noncrumbling_3,
          nicolae_concentric_dashed_squares_mild, grunt_ministairs_12,
          kennysheep_decorative_pillar
D:4:      layout_rooms, ashenzari_altar_1, nemelex_xobeh_ov_fountains_minmay,
          mainiacjoe_overflow_paths, nicolae_shop_i_like_big_books,
          uniq_blork_the_orc
D:5:      layout_basic, pdpol_temple_overflow_zin_treasury_gozag_greed,
          jmf_multi_god_temple2, minivault_25, nicolae_zen_rock_garden
D:6:      layout_cave_pods, serial_shops, nicolae_diamond_shop, uniq_maggie,
          uniq_sigmund, uniq_duvessa
D:7:      layout_loops_corners, mainiacjoe_overflow_alcove_4,
          mainiacjoe_overflow_small_starburst, temple_fountains, serial_shops,
          shop, nicolae_shop_sticking_my_neck_out
D:8:      layout_rooms, mainiacjoe_overflow_24_doors,
          mainiacjoe_overflow_alcove_1, uniq_erica
D:9:      layout_basic, lemuel_doored_altar, minmay_orc_keep, uniq_joseph
D:10:     layout_gridville, uniq_harold, uniq_psyche
D:11:     layout_cave_pools, erik_lair_orcish_takeover, uniq_josephine
D:12:     layout_grid_maze, minmay_orc_entry_temple_small
D:13:     layout_stronghold, hellmonk_vaults_attempted_burglary,
          kennysheep_four_rooms
D:14:     gammafunk_its_a_trap, layout_loops_ring, gauntlet_entry_generic,
          gammafunk_ghost_split, nicolae_letterblocks [nicolae_letter_subblock,
          nicolae_letter_subblock, nicolae_letter_subblock,
          nicolae_letter_subblock, nicolae_letter_subblock,
          nicolae_letter_subblock, nicolae_letter_subblock,
          nicolae_letter_subblock, nicolae_letter_subblock,
          nicolae_letter_subblock, nicolae_letter_subblock,
          nicolae_letter_subblock, nicolae_letter_subblock,
          nicolae_letter_subblock, nicolae_letter_subblock,
          nicolae_letter_subblock, nicolae_letter_subblock,
          nicolae_letter_subblock, nicolae_letter_subblock,
          nicolae_letter_subblock, nicolae_letter_subblock,
          nicolae_letter_subblock, nicolae_letter_subblock,
          nicolae_letter_subblock, nicolae_letter_subblock]
D:15:     hangedman_depths_entry_try_elsewhere_first, layout_irregular_city,
          eino_small_chamber_without_monster
Lair:1:   layout_loops_ring, nzn_masters_of_martial_movement,
          grunt_megastairs_3, infiniplex_staircase_pool_2
Lair:2:   layout_roguey, nicolae_spider_entry_lesser_pyramids,
          chequers_serial_rivers_large_b, lemuel_fruit_tree
Lair:3:   layout_cave_pods, minmay_shoals_entry_lonely_mermaid
Lair:4:   layout_layer_cave, nicolae_slime_entry_field_trip,
          chequers_serial_rivers_small_3
Lair:5:   grunt_lair_end_beastmaster, layout_cave_shapes, uniq_snorg
Shoals:1: layout_shoals
Shoals:2: layout_shoals, serial_shops, nicolae_shop_tiny_glass
Shoals:3: layout_shoals, serial_shops, shop,
          nicolae_shoals_stone_sculpture_thing, st_shoals_ruin
Shoals:4: shoals_end_hangedman, layout_shoals
Spider:1: layout_spider_delve
Spider:2: layout_chambers, gammafunk_ghost_grave, uniq_roxanne, uniq_arachne
Spider:3: layout_chambers, nicolae_looking_at_the_future, uniq_asterion
Spider:4: grunt_spider_rune_parallel, hellmonk_narrow_tunnel, uniq_nikola
Orc:1:    layout_caves
Orc:2:    st_orc_mages, layout_caves

Notes
Turn   | Place    | Note
-------+----------+-------------------------------------------
     0 | D:1      | cforsyth the Djinni Fire Elementalist began the quest for
                  | the Orb.
     0 | D:1      | cforsyth set off with the following spells memorised:
                  | Foxfire, Scorch, Volatile Blastmotes, Inner Flame, Flame
                  | Wave.
     0 | D:1      | Reached XP level 1. HP: 15/15 MP: 0/0
   156 | D:1      | Reached XP level 2. HP: 20/22 MP: 0/0
   177 | D:1      | Reached skill level 1 in Fighting
   544 | D:1      | Reached XP level 3. HP: 25/27 MP: 0/0
   544 | D:1      | Learned a level 1 spell: Sting
   772 | D:1      | Reached skill level 2 in Fighting
  1225 | D:2      | Reached XP level 4. HP: 32/33 MP: 0/0
  1566 | D:2      | Reached XP level 5. HP: 21/40 MP: 0/0
  1566 | D:2      | Learned a level 2 spell: Ensorcelled Hibernation
  1634 | D:2      | Reached skill level 3 in Fighting
  1704 | D:2      | Reached skill level 4 in Spellcasting
  1704 | D:2      | Reached skill level 4 in Conjurations
  1704 | D:2      | Reached skill level 4 in Hexes
  1704 | D:2      | Reached skill level 4 in Summonings
  1704 | D:2      | Reached skill level 4 in Necromancy
  1704 | D:2      | Reached skill level 4 in Translocations
  1704 | D:2      | Reached skill level 4 in Fire Magic
  1704 | D:2      | Reached skill level 4 in Ice Magic
  1704 | D:2      | Reached skill level 4 in Air Magic
  1704 | D:2      | Reached skill level 4 in Earth Magic
  1704 | D:2      | Reached skill level 4 in Alchemy
  2621 | D:3      | Noticed a +0 hand axe
  2621 | D:3      | Noticed a +0 dagger
  2623 | D:3      | Found a hide-covered altar of Uskayaw.
  3120 | D:3      | Reached XP level 6. HP: 44/46 MP: 0/0
  3253 | D:4      | Reached skill level 4 in Fighting
  3312 | D:4      | Found a broken altar of Ashenzari.
  3402 | D:4      | Found Gephiceq's Tremendous Tomes.
  3472 | D:4      | Found a hazy altar of Hepliaklqana.
  3534 | D:4      | Noticed Blork the orc
  3536 | D:4      | Killed Blork the orc
  3625 | D:4      | Found a sparkling altar of Nemelex Xobeh.
  3821 | D:5      | Entered Level 5 of the Dungeon
  3874 | D:5      | Reached XP level 7. HP: 46/53 MP: 0/0
  3874 | D:5      | Learned a level 3 spell: Swiftness
  3957 | D:5      | Found a glowing silver altar of Zin.
  4046 | D:5      | Reached skill level 5 in Fighting
  4046 | D:5      | Reached skill level 5 in Spellcasting
  4046 | D:5      | Reached skill level 5 in Conjurations
  4046 | D:5      | Reached skill level 5 in Hexes
  4046 | D:5      | Reached skill level 5 in Summonings
  4046 | D:5      | Reached skill level 5 in Necromancy
  4046 | D:5      | Reached skill level 5 in Translocations
  4046 | D:5      | Reached skill level 5 in Fire Magic
  4046 | D:5      | Reached skill level 5 in Ice Magic
  4046 | D:5      | Reached skill level 5 in Air Magic
  4046 | D:5      | Reached skill level 5 in Earth Magic
  4046 | D:5      | Reached skill level 5 in Alchemy
  4446 | D:5      | Found a glowing golden altar of the Shining One.
  4655 | D:5      | Found an opulent altar of Gozag.
  4707 | D:6      | Reached XP level 8. HP: 55/61 MP: 0/0
  4715 | D:6      | Reached skill level 6 in Fighting
  4855 | D:6      | Noticed Sigmund
  4859 | D:6      | Noticed Duvessa
  4859 | D:6      | Killed Sigmund
  4860 | D:6      | Reached skill level 6 in Spellcasting
  4860 | D:6      | Reached skill level 6 in Conjurations
  4860 | D:6      | Reached skill level 6 in Hexes
  4860 | D:6      | Reached skill level 6 in Summonings
  4860 | D:6      | Reached skill level 6 in Necromancy
  4860 | D:6      | Reached skill level 6 in Translocations
  4860 | D:6      | Reached skill level 6 in Fire Magic
  4860 | D:6      | Reached skill level 6 in Ice Magic
  4860 | D:6      | Reached skill level 6 in Air Magic
  4860 | D:6      | Reached skill level 6 in Earth Magic
  4860 | D:6      | Reached skill level 6 in Alchemy
  4861 | D:6      | Noticed Dowan
  4867 | D:6      | Killed Duvessa
  4869 | D:6      | Killed Dowan
  4870 | D:6      | Reached skill level 7 in Fighting
  5247 | D:6      | Reached XP level 9. HP: 65/68 MP: 0/0
  5247 | D:6      | Learned a level 4 spell: Martyr's Knell
  5346 | D:6      | Found Geudargh's Antique Armour Shop.
  5354 | D:6      | Bought a pair of glowing gloves for 225 gold pieces
  5367 | D:6      | Noticed Maggie
  5371 | D:6      | Killed Maggie
  5372 | D:6      | Reached skill level 8 in Fighting
  5450 | D:6      | Reached skill level 7 in Spellcasting
  5450 | D:6      | Reached skill level 7 in Conjurations
  5450 | D:6      | Reached skill level 7 in Hexes
  5450 | D:6      | Reached skill level 7 in Summonings
  5450 | D:6      | Reached skill level 7 in Necromancy
  5450 | D:6      | Reached skill level 7 in Translocations
  5450 | D:6      | Reached skill level 7 in Fire Magic
  5450 | D:6      | Reached skill level 7 in Ice Magic
  5450 | D:6      | Reached skill level 7 in Air Magic
  5450 | D:6      | Reached skill level 7 in Earth Magic
  5450 | D:6      | Reached skill level 7 in Alchemy
  6261 | D:7      | Reached skill level 9 in Fighting
  6467 | D:7      | Found Dejiaxown's Neck Hole.
  6498 | D:7      | Found an ornate altar of the Wu Jian Council.
  6615 | D:7      | Found Tuunluco's Antique Armour Boutique.
  6760 | D:7      | Reached XP level 10. HP: 73/78 MP: 0/0
  6842 | D:7      | Found a staircase to the Ecumenical Temple.
  7034 | D:7      | Found a blossoming altar of Fedhas.
  7071 | D:7      | Reached skill level 8 in Spellcasting
  7071 | D:7      | Reached skill level 8 in Conjurations
  7071 | D:7      | Reached skill level 8 in Hexes
  7071 | D:7      | Reached skill level 8 in Summonings
  7071 | D:7      | Reached skill level 8 in Necromancy
  7071 | D:7      | Reached skill level 8 in Translocations
  7071 | D:7      | Reached skill level 8 in Fire Magic
  7071 | D:7      | Reached skill level 8 in Ice Magic
  7071 | D:7      | Reached skill level 8 in Air Magic
  7071 | D:7      | Reached skill level 8 in Earth Magic
  7071 | D:7      | Reached skill level 8 in Alchemy
  7482 | D:8      | Found a snail-covered altar of Cheibriados.
  7540 | D:8      | Reached skill level 10 in Fighting
  7572 | D:8      | Noticed Erica
  7577 | D:8      | Killed Erica
  8020 | D:8      | Found an iron altar of Okawaru.
  8138 | D:8      | Identified the ring of Juurat {rPois rC+ Str+6}
  8291 | D:9      | Reached skill level 11 in Fighting
  8295 | D:9      | Reached skill level 9 in Spellcasting
  8295 | D:9      | Reached skill level 9 in Conjurations
  8295 | D:9      | Reached skill level 9 in Hexes
  8295 | D:9      | Reached skill level 9 in Summonings
  8295 | D:9      | Reached skill level 9 in Necromancy
  8295 | D:9      | Reached skill level 9 in Translocations
  8295 | D:9      | Reached skill level 9 in Fire Magic
  8295 | D:9      | Reached skill level 9 in Ice Magic
  8295 | D:9      | Reached skill level 9 in Air Magic
  8295 | D:9      | Reached skill level 9 in Earth Magic
  8295 | D:9      | Reached skill level 9 in Alchemy
  8295 | D:9      | Reached XP level 11. HP: 55/87 MP: 0/0
  8295 | D:9      | Learned a level 5 spell: Summon Forest
  8711 | D:9      | Noticed a brown ugly thing
  8718 | D:9      | Killed a brown ugly thing
  9071 | D:9      | Reached skill level 12 in Fighting
  9415 | D:9      | Found a sacrificial altar of Ru.
  9553 | D:9      | Noticed Joseph
  9557 | D:9      | Killed Joseph
  9755 | D:10     | Entered Level 10 of the Dungeon
  9974 | D:10     | Noticed Psyche
 10028 | D:10     | Killed Psyche
 10029 | D:10     | Reached skill level 10 in Spellcasting
 10029 | D:10     | Reached skill level 10 in Conjurations
 10029 | D:10     | Reached skill level 10 in Hexes
 10029 | D:10     | Reached skill level 10 in Summonings
 10029 | D:10     | Reached skill level 10 in Necromancy
 10029 | D:10     | Reached skill level 10 in Translocations
 10029 | D:10     | Reached skill level 10 in Fire Magic
 10029 | D:10     | Reached skill level 10 in Ice Magic
 10029 | D:10     | Reached skill level 10 in Air Magic
 10029 | D:10     | Reached skill level 10 in Earth Magic
 10029 | D:10     | Reached skill level 10 in Alchemy
 10132 | D:10     | Noticed Harold
 10138 | D:10     | Killed Harold
 11437 | D:11     | Reached skill level 13 in Fighting
 11476 | D:11     | Noticed Josephine
 11484 | D:11     | Killed Josephine
 11485 | D:11     | Reached XP level 12. HP: 72/98 MP: 0/0
 11839 | D:11     | Found a staircase to the Lair.
 12660 | D:12     | Identified a potion of resistance
 12855 | D:12     | Noticed a boulder beetle
 12866 | D:12     | Killed a boulder beetle
 12926 | D:12     | Reached skill level 11 in Spellcasting
 12926 | D:12     | Reached skill level 11 in Conjurations
 12926 | D:12     | Reached skill level 11 in Hexes
 12926 | D:12     | Reached skill level 11 in Summonings
 12926 | D:12     | Reached skill level 11 in Necromancy
 12926 | D:12     | Reached skill level 11 in Translocations
 12926 | D:12     | Reached skill level 11 in Fire Magic
 12926 | D:12     | Reached skill level 11 in Ice Magic
 12926 | D:12     | Reached skill level 11 in Air Magic
 12926 | D:12     | Reached skill level 11 in Earth Magic
 12926 | D:12     | Reached skill level 11 in Alchemy
 12931 | D:12     | HP: 9/99 [orc warrior/bolt (8)]
 13443 | D:12     | Found a staircase to the Orcish Mines.
 13467 | D:12     | Reached skill level 14 in Fighting
 13561 | D:12     | Found a roughly hewn altar of Beogh.
 14240 | D:12     | Noticed a boulder beetle
 14259 | D:12     | Killed a boulder beetle
 14684 | Lair:1   | Entered Level 1 of the Lair of Beasts
 14950 | Lair:1   | Found a hide-covered altar of Uskayaw.
 14950 | Lair:1   | Found an ornate altar of the Wu Jian Council.
 14950 | Lair:1   | Noticed a boulder beetle
 14959 | Lair:1   | Killed a boulder beetle
 15527 | Lair:1   | Reached XP level 13. HP: 85/106 MP: 0/0
 15527 | Lair:1   | Learned a level 5 spell: Lee's Rapid Deconstruction
 15999 | Lair:2   | Reached skill level 15 in Fighting
 16257 | Lair:2   | Reached skill level 12 in Spellcasting
 16257 | Lair:2   | Reached skill level 12 in Conjurations
 16257 | Lair:2   | Reached skill level 12 in Hexes
 16257 | Lair:2   | Reached skill level 12 in Summonings
 16257 | Lair:2   | Reached skill level 12 in Necromancy
 16257 | Lair:2   | Reached skill level 12 in Translocations
 16257 | Lair:2   | Reached skill level 12 in Fire Magic
 16257 | Lair:2   | Reached skill level 12 in Ice Magic
 16257 | Lair:2   | Reached skill level 12 in Air Magic
 16257 | Lair:2   | Reached skill level 12 in Earth Magic
 16257 | Lair:2   | Reached skill level 12 in Alchemy
 16391 | Lair:2   | Found a hole to the Spider Nest.
 16431 | Lair:2   | Noticed an eight-headed hydra
 16446 | Lair:2   | Killed an eight-headed hydra
 17684 | Lair:3   | Identified a scroll of acquirement
 17685 | Lair:3   | Acquired the ring "Waysexik" {^Drain rElec rPois AC+4
                  | Dex+5}
 17874 | D:7      | Bought a +2 cloak for 264 gold pieces
 18849 | Lair:3   | Found a staircase to the Shoals.
 19147 | Lair:4   | Reached skill level 16 in Fighting
 19569 | Lair:4   | Found a staircase to the Slime Pits.
 20333 | Lair:4   | Reached XP level 14. HP: 81/117 MP: 0/0
 21003 | Lair:5   | Entered Level 5 of the Lair of Beasts
 21030 | Lair:5   | Reached skill level 13 in Spellcasting
 21030 | Lair:5   | Reached skill level 13 in Conjurations
 21030 | Lair:5   | Reached skill level 13 in Hexes
 21030 | Lair:5   | Reached skill level 13 in Summonings
 21030 | Lair:5   | Reached skill level 13 in Necromancy
 21030 | Lair:5   | Reached skill level 13 in Translocations
 21030 | Lair:5   | Reached skill level 13 in Fire Magic
 21030 | Lair:5   | Reached skill level 13 in Ice Magic
 21030 | Lair:5   | Reached skill level 13 in Air Magic
 21030 | Lair:5   | Reached skill level 13 in Earth Magic
 21030 | Lair:5   | Reached skill level 13 in Alchemy
 21267 | Lair:5   | Noticed Snorg
 22437 | Lair:5   | Killed Snorg
 22664 | Lair:5   | Reached skill level 17 in Fighting
 24597 | Lair:5   | Identified the +11 flail of Unreason {pain, rF+ rCorr
                  | Dex-3}
 24822 | Orc:1    | Entered Level 1 of the Orcish Mines
 24954 | Orc:2    | Entered Level 2 of the Orcish Mines
 24959 | Orc:2    | Reached skill level 14 in Spellcasting
 24959 | Orc:2    | Reached skill level 14 in Conjurations
 24959 | Orc:2    | Reached skill level 14 in Hexes
 24959 | Orc:2    | Reached skill level 14 in Summonings
 24959 | Orc:2    | Reached skill level 14 in Necromancy
 24959 | Orc:2    | Reached skill level 14 in Translocations
 24959 | Orc:2    | Reached skill level 14 in Fire Magic
 24959 | Orc:2    | Reached skill level 14 in Ice Magic
 24959 | Orc:2    | Reached skill level 14 in Air Magic
 24959 | Orc:2    | Reached skill level 14 in Earth Magic
 24959 | Orc:2    | Reached skill level 14 in Alchemy
 25726 | Orc:2    | Reached XP level 15. HP: 82/126 MP: 0/0
 25726 | Orc:2    | Learned a level 6 spell: Dispersal
 26890 | Orc:2    | Paralysed by an orc sorcerer for 4 turns
 26897 | Orc:2    | Reached skill level 18 in Fighting
 28635 | Orc:2    | Found Quanto's Jewellery Shop.
 28635 | Orc:2    | Found Daleh's Armour Shop.
 28636 | Orc:2    | Found Geytso Ackic's Antique Armour Boutique.
 28646 | Orc:2    | Found Erraiguuru's General Store.
 29062 | Orc:2    | Found a staircase to the Elven Halls.
 29191 | Orc:2    | Bought a shiny helmet for 217 gold pieces
 30172 | D:13     | Found a gate to the Vaults.
 30497 | D:13     | Reached skill level 1 in Shields
 31000 | D:13     | Reached skill level 3 in Dodging
 31326 | D:14     | Noticed Myasimauvo's ghost (journeyman DEHW)
 31330 | D:14     | Reached skill level 2 in Shields
 31346 | D:14     | Found a runed translucent gate.
 31346 | D:14     | Found a runed translucent gate.
 31347 | D:14     | Found a runed translucent gate.
 31368 | D:14     | Identified the +5 ring mail of Lesser Demons {Will+++
                  | Regen+ rCorr Stlth-}
 31381 | D:14     | Found a gate leading to a gauntlet.
 31390 | Gauntlet | Entered a Gauntlet
 31390 | Gauntlet | Found a transporter.
 31533 | Gauntlet | Found a transporter.
 31535 | Gauntlet | Found a transporter.
 31548 | Gauntlet | Found a transporter.
 31549 | Gauntlet | Found a transporter.
 31557 | Gauntlet | Found a transporter.
 31582 | Gauntlet | Found a transporter.
 31590 | Gauntlet | Found a transporter.
 31598 | Gauntlet | Found a runed translucent door.
 31601 | Gauntlet | Found a transporter.
 31623 | Gauntlet | Found a transporter.
 31635 | Gauntlet | Found a transporter.
 31635 | Gauntlet | Found a transporter.
 31680 | Gauntlet | Found a runed translucent door.
 31683 | Gauntlet | Found a transporter.
 31697 | Gauntlet | Found a transporter.
 31919 | Gauntlet | Reached skill level 4 in Dodging
 32194 | Gauntlet | Reached skill level 3 in Shields
 32303 | D:14     | Found a transporter.
 32666 | D:14     | Found a transporter.
 32669 | D:14     | Found the +4 Cigotuvi's embrace {Corpsefed rMiasma ^Drain
                  | rN+}
 33006 | D:15     | Entered Level 15 of the Dungeon
 33076 | D:15     | Reached skill level 5 in Dodging
 33176 | D:15     | Reached skill level 4 in Shields
 33189 | D:15     | Reached skill level 15 in Spellcasting
 33189 | D:15     | Reached skill level 15 in Conjurations
 33189 | D:15     | Reached skill level 15 in Hexes
 33189 | D:15     | Reached skill level 15 in Summonings
 33189 | D:15     | Reached skill level 15 in Necromancy
 33189 | D:15     | Reached skill level 15 in Translocations
 33189 | D:15     | Reached skill level 15 in Fire Magic
 33189 | D:15     | Reached skill level 15 in Ice Magic
 33189 | D:15     | Reached skill level 15 in Air Magic
 33189 | D:15     | Reached skill level 15 in Earth Magic
 33189 | D:15     | Reached skill level 15 in Alchemy
 33189 | D:15     | Reached XP level 16. HP: 112/134 MP: 0/0
 33560 | D:15     | Reached skill level 6 in Dodging
 33581 | D:15     | Reached skill level 5 in Shields
 33615 | D:15     | Found a staircase to the Depths.
 34033 | Spider:1 | Entered Level 1 of the Spider Nest
 35298 | Lair:2   | Reached skill level 7 in Dodging
 35499 | Lair:2   | Reached skill level 6 in Shields
 36467 | Spider:1 | Reached skill level 8 in Dodging
 36884 | Spider:2 | Reached skill level 7 in Shields
 37025 | Spider:2 | Noticed Arachne
 37038 | Spider:2 | Killed Arachne
 37055 | Spider:2 | Identified the granite talisman of Exclusion {rC+ rN+}
 37055 | Spider:2 | Noticed Roxanne
 37783 | Spider:2 | Found a runed translucent door.
 37784 | Spider:2 | Noticed Pyemaest's ghost (adept MfGl)
 38285 | Spider:3 | Noticed an emperor scorpion
 38294 | Spider:3 | Killed an emperor scorpion
 38295 | Spider:3 | Noticed Asterion
 38306 | Spider:3 | Gained mutation: You are frail. (-10% HP) [a cacodemon]
 38308 | Spider:3 | Gained mutation: Your body sometimes deteriorates upon
                  | taking damage. [a cacodemon]
 38314 | Spider:3 | Killed Asterion
 38362 | Spider:2 | Reached XP level 17. HP: 105/125 MP: 0/0
 38362 | Spider:2 | Learned a level 7 spell: Orb of Destruction
 38573 | Spider:2 | Lost mutation: You are frail. (-10% HP) [potion of
                  | mutation]
 38573 | Spider:2 | Lost mutation: Your body sometimes deteriorates upon taking
                  | damage. [potion of mutation]
 38573 | Spider:2 | Gained mutation: Armour fits poorly on your strangely
                  | shaped body. [potion of mutation]
 38573 | Spider:2 | Lost mutation: Armour fits poorly on your strangely shaped
                  | body. [potion of mutation]
 38642 | Spider:3 | Reached skill level 9 in Dodging
 38826 | Spider:3 | Reached skill level 8 in Shields
 39914 | Spider:3 | Reached skill level 16 in Spellcasting
 39914 | Spider:3 | Reached skill level 16 in Conjurations
 39914 | Spider:3 | Reached skill level 16 in Hexes
 39914 | Spider:3 | Reached skill level 16 in Summonings
 39914 | Spider:3 | Reached skill level 16 in Necromancy
 39914 | Spider:3 | Reached skill level 16 in Translocations
 39914 | Spider:3 | Reached skill level 16 in Fire Magic
 39914 | Spider:3 | Reached skill level 16 in Ice Magic
 39914 | Spider:3 | Reached skill level 16 in Air Magic
 39914 | Spider:3 | Reached skill level 16 in Earth Magic
 39914 | Spider:3 | Reached skill level 16 in Alchemy
 40102 | Spider:3 | Reached skill level 10 in Dodging
 40220 | Spider:4 | Entered Level 4 of the Spider Nest
 40222 | Spider:4 | Noticed Nikola
 40581 | Spider:3 | Killed Nikola
 40582 | Spider:3 | Reached skill level 9 in Shields
 41759 | Spider:4 | Reached skill level 11 in Dodging
 42166 | Spider:4 | Reached skill level 10 in Shields
 42352 | Spider:4 | Reached XP level 18. HP: 84/146 MP: 0/0
 42800 | Spider:4 | Got a gossamer rune of Zot
 43004 | Shoals:1 | Entered Level 1 of the Shoals
 43541 | Shoals:1 | Reached skill level 12 in Dodging
 44173 | Shoals:2 | Reached skill level 11 in Shields
 44585 | Shoals:2 | Noticed a kraken
 44595 | Shoals:2 | Found Xuixt's Antique Weapon Shop.
 44615 | Shoals:2 | Killed a kraken
 44637 | Shoals:2 | Bought a fine morningstar for 279 gold pieces
 44637 | Shoals:2 | Identified the +3 morningstar "Poepimio" {distort, Str+3
                  | Int-3 Stlth+} (You bought it in a shop on level 2 of the
                  | Shoals)
 44637 | Shoals:2 | Bought a crude whip for 232 gold pieces
 44637 | Shoals:2 | Identified the +8 whip "Tizetrig" {freeze, rF+ Will+} (You
                  | bought it in a shop on level 2 of the Shoals)
 45827 | Shoals:2 | Reached skill level 13 in Dodging
 45827 | Shoals:2 | Reached skill level 17 in Spellcasting
 45827 | Shoals:2 | Reached skill level 17 in Conjurations
 45827 | Shoals:2 | Reached skill level 17 in Hexes
 45827 | Shoals:2 | Reached skill level 17 in Summonings
 45827 | Shoals:2 | Reached skill level 17 in Necromancy
 45827 | Shoals:2 | Reached skill level 17 in Translocations
 45827 | Shoals:2 | Reached skill level 17 in Fire Magic
 45827 | Shoals:2 | Reached skill level 17 in Ice Magic
 45827 | Shoals:2 | Reached skill level 17 in Air Magic
 45827 | Shoals:2 | Reached skill level 17 in Earth Magic
 45827 | Shoals:2 | Reached skill level 17 in Alchemy
 46104 | Shoals:3 | Found Huosost's Distillery.
 46285 | Shoals:3 | Reached skill level 12 in Shields
 46389 | Shoals:3 | Reached XP level 19. HP: 152/152 MP: 0/0
 46389 | Shoals:3 | Learned a level 6 spell: Eringya's Noxious Bog
 46757 | Shoals:3 | Identified the +10 dire flail of Towkisa {elec, rN++ Will+
                  | rCorr}
 47424 | Shoals:3 | Found Huosost's Distillery.
 47811 | Shoals:4 | Entered Level 4 of the Shoals
 47920 | Shoals:4 | Reached skill level 14 in Dodging
 48065 | Shoals:4 | Slain by an alligator snapping turtle

Vanquished Creatures
  Arachne (Spider:2)
  2 krakens
  3 emperor scorpions
  3 ghost moths
  A broodmother (Spider:2)
  A stone giant (Shoals:3)
  A formless jellyfish (Shoals:2)
  A dire elephant (D:15)
  A spark wasp (Spider:4)
  A minotaur (Gauntlet)
  Snorg (Lair:5)
  A merfolk javelineer (Shoals:2)
  Josephine (D:11)
  5 merfolk impalers
  Harold (D:10)
  5 entropy weavers
  A yaktaur captain (D:13)
  5 hydras
  A catoblepas (Lair:5)
  A rakshasa (D:13)
  3 boulder beetles
  4 radroaches
  3 centaur warriors
  2 jorogumos
  A two-headed ogre (D:14)
  A merfolk avatar (Shoals:3)
  5 satyrs (Shoals:3)
  A merfolk aquamancer (Shoals:2)
  Erica (D:8)
  A deep troll shaman (Lair:5)
  3 death yaks (Lair:5)
  6 demonic crawlers
  2 orc high priests (Orc:2)
  A tengu warrior (D:13)
  4 pharaoh ants
  4 skysharks
  A death drake (Gauntlet)
  A salamander mystic (D:15)
  3 skeletal warriors (D:15)
  9 sea snakes
  2 sun moths
  9 orb spiders
  A spectral wolf spider (Gauntlet)
  An arcanist (D:13)
  3 steelbarb worms (Spider:4)
  A deep elf pyromancer (D:14)
  A wolf spider zombie (Gauntlet)
  2 orc knights (D:15)
  14 harpies
  7 orc sorcerers
  17 wolf spiders
  5 ugly things
  8 manticores
  15 fauns
  A spectral centaur (Gauntlet)
  15 cyclopes
  3 meliai (Spider:3)
  4 moths of wrath
  11 merfolk sirens
  16 elephants
  2 kobold blastminers
  4 black mambas
  5 water nymphs
  Joseph (D:9)
  8 cane toads
  6 torpor snails
  Maggie (D:6)
  A gargoyle (D:13)
  A rime drake (Lair:4)
  A kobold demonologist (D:12)
  An efreet (D:14)
  Psyche (D:10)
  3 yaktaurs (D:15)
  3 komodo dragons
  2 tengu conjurers
  5 hornets
  6 polar bears
  A queen bee (Spider:3)
  21 merfolk
  39 tarantellas
  4 trolls
  5 wind drakes
  31 blink frogs
  3 dream sheep (Shoals:2)
  13 slime creatures
  7 snapping turtles
  35 culicivoras
  23 jumping spiders
  2 centaur simulacra (Gauntlet)
  2 shadows
  Sigmund (D:6)
  8 wraiths
  5 wyverns
  6 water elementals
  28 yaks
  4 basilisks
  2 steam dragons
  2 wargs (Orc:2)
  51 redbacks
  3 vampire mosquitoes
  An acid dragon (D:11)
  13 water moccasins
  A hornet zombie (Gauntlet)
  Duvessa (D:6)
  A meliai simulacrum (Gauntlet)
  2 ice beasts
  23 orc warriors
  2 black bears
  2 laughing skulls (D:14)
  2 sky beasts
  15 wolves
  6 centaurs
  4 phantoms
  A kobold brigand (D:8)
  Blork the orc (D:4)
  9 bullfrogs
  A gnoll sergeant (D:7)
  4 scorpions
  11 wights
  Dowan (D:6)
  19 killer bees
  A wyvern simulacrum (Gauntlet)
  3 hounds
  4 jellies
  30 orc priests
  2 gnoll boudas
  2 iguanas
  47 orc wizards
  A boggart simulacrum (Gauntlet)
  17 gnolls
  7 adders
  A shadow imp (D:7)
  An ufetubus (D:5)
  5 dart slugs
  2 ribbon worms
  62 orcs
  9 ball pythons
  5 endoplasms
  A giant cockroach (D:3)
  7 goblins
  11 hobgoblins
  6 jackals
  7 quokkas
  A bat (D:2)
  5 frilled lizards
  8 kobolds
  9 rats
  A foxfire (D:15)
  8 snaplasher vines
  A spectral weapon (Spider:3)
  5 tentacles
965 creatures vanquished.

Vanquished Creatures (collateral kills)
  Nikola (Spider:3)
  Asterion (Spider:3)
  An emperor scorpion (Spider:3)
  A centaur warrior (D:13)
  4 boulder beetles
  2 death yaks (Lair:5)
  2 demonic crawlers
  A pharaoh ant (Spider:4)
  A flayed ghost (D:13)
  A sun moth (Spider:3)
  A steelbarb worm (Spider:4)
  An ugly thing (D:12)
  3 wolf spiders
  2 elephants
  A cane toad (Lair:4)
  A polar bear (Lair:5)
  A snapping turtle (Shoals:2)
  A tarantella (Spider:3)
  A blink frog (Lair:5)
  3 jumping spiders
  2 slime creatures (D:12)
  A vampire mosquito (D:12)
  4 redbacks
  An ogre (Orc:2)
  An orc priest (D:12)
  An orc wizard (D:12)
  3 orcs (D:15)
  12 foxfires
  2 snaplasher vines (D:13)
57 creatures vanquished.

Vanquished Creatures (others)
  2396 foxfires
  5 snaplasher vines
  19 tentacles
2420 creatures vanquished.

Grand Total: 3442 creatures vanquished

Table legend: (Time is in decaauts)
 A = Elapsed time spent in this place.
 B = Non-inter-level travel time spent in this place.
 C = Inter-level travel time spent in this place.
 D = Time resting spent in this place.
 E = Time spent auto-exploring this place.
 F = Levels seen in this place.
 G = Mean time per level.
                   A        B        C        D        E       F      G
               +--------+--------+--------+--------+--------+-----+--------+
         Total |  48160 |  45957 |   2203 |  11904 |  27051 |  31 | 1553.5 |
       Dungeon |  18861 |  17976 |    885 |   2343 |  13138 |  15 | 1257.4 |
          Lair |  12354 |  11486 |    868 |   3307 |   6840 |   5 | 2470.8 |
        Shoals |   5069 |   5004 |     65 |   1477 |   2495 |   4 | 1267.2 |
   Spider Nest |   7000 |   6717 |    283 |   2275 |   3088 |   4 | 1750.0 |
  Orcish Mines |   3990 |   3889 |    101 |   2185 |   1188 |   2 | 1995.0 |
      Gauntlet |    883 |    883 |      0 |    317 |    301 |   1 |  883.0 |
               +--------+--------+--------+--------+--------+-----+--------+

Top non-repeatable levels by time:
  Lair:2: 3367 daAuts
Spider:3: 3120 daAuts
  Lair:4: 2940 daAuts
  Lair:5: 2811 daAuts
   Orc:2: 2287 daAuts
    D:13: 2120 daAuts
Shoals:3: 2021 daAuts
    D:12: 1934 daAuts
Spider:2: 1910 daAuts
    D:10: 1885 daAuts
   Orc:1: 1702 daAuts
Shoals:2: 1699 daAuts
  Lair:3: 1696 daAuts
  Lair:1: 1538 daAuts
     D:7: 1419 daAuts

Table legend:
 A = Non-vault XP
 B = Vault XP
 C = Vault XP percentage of total XP
 D = Non-vault monster count
 E = Vault monster count
 F = Vault count percentage of total count
                 A         B        C        D         E       F
            +---------+---------+-------+---------+---------+-------
      Total |  214643 |   71683 |  25.0 |     756 |     237 |  23.9
            +---------+---------+-------+---------+---------+-------
        D:1 |      68 |       0 |   0.0 |      24 |       0 |   0.0
        D:2 |     116 |      23 |  16.5 |      29 |       4 |  12.1
        D:3 |      60 |       6 |   9.1 |      16 |       2 |  11.1
        D:4 |     100 |      92 |  47.9 |      12 |       1 |   7.7
        D:5 |     371 |      45 |  10.8 |       6 |       2 |  25.0
        D:6 |    1339 |     825 |  38.1 |      16 |       4 |  20.0
        D:7 |    1259 |       0 |   0.0 |      19 |       0 |   0.0
        D:8 |    1844 |     816 |  30.7 |      25 |       1 |   3.8
        D:9 |    3955 |     559 |  12.4 |      35 |      10 |  22.2
       D:10 |    2279 |    1238 |  35.2 |      25 |       2 |   7.4
       D:11 |     630 |    2510 |  79.9 |       6 |      15 |  71.4
       D:12 |    4517 |     475 |   9.5 |      12 |       8 |  40.0
       D:13 |    9296 |    3118 |  25.1 |      23 |       6 |  20.7
       D:14 |    4682 |       0 |   0.0 |      11 |       0 |   0.0
       D:15 |   11204 |    2846 |  20.3 |      27 |       4 |  12.9
     Lair:1 |    3944 |    1070 |  21.3 |      18 |       3 |  14.3
     Lair:2 |   13175 |    1116 |   7.8 |      46 |       4 |   8.0
     Lair:3 |    6117 |     475 |   7.2 |      25 |       1 |   3.8
     Lair:4 |    7354 |     129 |   1.7 |      20 |       3 |  13.0
     Lair:5 |   10664 |   11015 |  50.8 |      32 |      22 |  40.7
   Shoals:1 |    9580 |       0 |   0.0 |      21 |       0 |   0.0
   Shoals:2 |   21807 |       0 |   0.0 |      41 |       0 |   0.0
   Shoals:3 |   22693 |    5305 |  18.9 |      40 |       9 |  18.4
   Shoals:4 |    9653 |       0 |   0.0 |      20 |       0 |   0.0
   Spider:1 |   12620 |       0 |   0.0 |      34 |       0 |   0.0
   Spider:2 |   10202 |    2222 |  17.9 |      33 |       1 |   2.9
   Spider:3 |   23519 |    8532 |  26.6 |      58 |      20 |  25.6
   Spider:4 |   17189 |   17719 |  50.8 |      43 |      38 |  46.9
      Orc:1 |    2133 |       0 |   0.0 |      15 |       0 |   0.0
      Orc:2 |    2273 |    6368 |  73.7 |      24 |      63 |  72.4
   Gauntlet |       0 |    5179 | 100.0 |       0 |      14 | 100.0
            +---------+---------+-------+---------+---------+-------
